Map: [EWC] Amphion

Players

herO

  • Race: Protoss Protoss
  • Spawn Location: 11:00

Clem - Winner!

  • Race: Terran Terran
  • Spawn Location: 7:00

Event: Esports World Cup 2024

VOD

Have the link to the VOD?

Description

Time

  • Played on: Aug. 18, 2024, 9:22 a.m.
  • Length: 9:56

All games in this series

Show
View Real Time Build Order
Export as new Build Order

herO Protoss 

Build Orders: 1 Gate Expand, Phoenix Opening, Mass Phoenix 

Get SALT Encoding   

  12  0:00  Probe  
  13  0:12  Probe  
  14  0:18  Pylon  
  14  0:24  Probe  
  15  0:36  Gateway  
  15  0:37  Probe (Chrono Boost)  
  16  0:43  Assimilator  
  16  0:49  Probe (Chrono Boost)  
  17  0:54  Probe (Chrono Boost)  
  18  1:03  Probe  
  19  1:15  Probe  
  20  1:23  Cybernetics Core  
  20  1:33  Nexus  
  20  1:40  Pylon  
  20  1:43  Probe  
  21  1:48  Assimilator  
  21  1:55  Probe  
  21  1:57  Stalker (Chrono Boost)  
  24  2:07  Probe  
  25  2:19  Probe (Chrono Boost)  
  25  2:21  Sentry  
  29  2:30  Pylon  
  29  2:31  Probe (Chrono Boost)  
  29  2:35  Probe (Chrono Boost)  
  30  2:42  Stargate  
  30  2:45  Probe  
  30  2:46  Probe  
  34  2:51  Shield Battery  
  34  2:52  Phoenix  
  34  2:55  Stalker  
  34  2:58  Warp Gate  
  34  3:00  Probe (Chrono Boost)  
  34  3:04  Probe (Chrono Boost)  
  36  3:12  Probe (Chrono Boost)  
  37  3:14  Gateway  
  37  3:17  Probe (Chrono Boost)  
  37  3:18  Probe (Chrono Boost)  
  39  3:25  Probe  
  39  3:26  Phoenix (Chrono Boost)  
  40  3:28  Probe  
  43  3:38  Probe  
  43  3:40  Probe  
  45  3:43  Phoenix (Chrono Boost)  
  45  3:44  Assimilator  
  45  3:46  Assimilator  
  47  3:49  Pylon  
  47  3:51  Probe  
  47  3:53  Probe  
  49  4:02  Phoenix (Chrono Boost)  
  49  4:04  Gateway  
  49  4:05  Probe  
  49  4:06  Probe  
  53  4:23  Probe x2, Phoenix  
  49  4:35  Probe x2  
  48  4:45  Shield Battery  
  48  4:46  Adept x2  
  48  4:47  Shield Battery  
  48  4:48  Phoenix (Chrono Boost)  
  48  4:51  Probe x2  
  56  4:58  Robotics Facility  
  56  5:03  Probe x2  
  58  5:07  Phoenix  
  60  5:17  Probe  
  60  5:18  Probe  
  56  5:29  Probe  
  56  5:31  Probe  
  56  5:33  Pylon  
  58  5:36  Forge  
  58  5:37  Twilight Council  
  58  5:39  Phoenix  
  58  5:42  Probe, Pylon  
  61  5:43  Probe  
  61  5:49  Immortal (Chrono Boost)  
  66  6:02  Charge (Chrono Boost)  
  66  6:04  Nexus  
  66  6:06  Shield Battery  
  66  6:11  Sentry  
  66  6:13  Probe x2  
  66  6:15  Protoss Ground Armor Level 1 (Chrono Boost)  
  70  6:26  Phoenix (Chrono Boost)  
  73  6:33  Sentry, Zealot  
  73  6:36  Pylon  
  73  6:38  Probe x2  
  78  6:42  Pylon  
  78  6:54  Phoenix, Observer  
  78  6:55  Gateway  
  78  6:56  Gateway  
  78  6:58  Gateway  
  78  7:00  Sentry  
  83  7:02  Zealot  
  83  7:05  Zealot  
  87  7:10  Probe x2  
  89  7:17  Pylon  
  89  7:19  Gateway  
  89  7:23  Pylon  
  89  7:26  Phoenix (Chrono Boost)  
  93  7:30  Zealot x3  
  93  7:34  Probe x3  
  100  7:41  Pylon  
  100  7:42  Phoenix (Chrono Boost)  
  102  7:47  Observer  
  102  7:52  Zealot  
  102  7:53  Zealot x4  
  102  7:57  Probe  
  113  8:00  Zealot  
  115  8:07  Phoenix  
  117  8:13  Zealot  
  117  8:14  Zealot x4  
  111  8:32  Phoenix (Chrono Boost)  
  89  8:34  Zealot x2  
  89  8:35  Zealot x5  
  89  8:38  Observer  
  101  8:43  Nexus  
  101  8:45  Pylon  
  83  8:59  Zealot x4  
  83  9:00  Zealot x2  
  85  9:04  Zealot, Phoenix  
  77  9:13  Probe  
  77  9:14  Probe x2  
  79  9:22  Phoenix  
  65  9:26  Zealot x6  
  65  9:27  Zealot  
  65  9:47  Zealot x5  
Show
View Real Time Build Order
Export as new Build Order

Clem Terran - Winner!

Build Orders: Cyclone Opening 

Get SALT Encoding   

  12  0:00  SCV  
  13  0:12  SCV  
  14  0:17  Supply Depot  
  14  0:24  SCV  
  15  0:39  SCV  
  15  0:41  Barracks  
  16  0:44  Refinery  
  16  0:51  SCV  
  16  0:55  Refinery  
  17  1:03  SCV  
  18  1:15  SCV  
  19  1:28  Reaper, Orbital Command  
  19  1:29  Supply Depot  
  20  1:41  Factory  
  21  1:54  SCV  
  21  2:00  Barracks Reactor  
  21  2:06  SCV  
  22  2:19  Command Center  
  22  2:22  SCV  
  23  2:30  Cyclone  
  25  2:37  Starport  
  25  2:39  Marine  
  25  2:43  Marine  
  27  2:48  Supply Depot  
  27  2:50  SCV  
  28  2:58  Marine  
  28  3:04  Cyclone  
  31  3:10  SCV, Marine  
  33  3:13  Medivac  
  33  3:16  Marine  
  36  3:22  SCV  
  37  3:27  Marine  
  37  3:31  Orbital Command  
  37  3:34  SCV, Marine  
  38  3:37  Factory Tech Lab  
  40  3:44  Starport Tech Lab  
  40  3:46  SCV  
  40  3:48  Marine  
  41  3:52  Marine  
  43  3:56  Supply Depot, Siege Tank  
  43  3:58  SCV  
  43  4:01  SCV  
  48  4:08  Marine  
  51  4:12  Marine  
  51  4:13  SCV  
  51  4:16  Viking  
  53  4:17  SCV  
  52  4:25  SCV  
  52  4:27  Supply Depot, Barracks  
  52  4:30  Marine  
  49  4:33  Siege Tank  
  49  4:37  SCV  
  51  4:42  SCV  
  49  4:51  SCV  
  49  4:54  Viking x2  
  49  4:56  Marine  
  49  4:57  SCV  
  55  5:00  Refinery  
  55  5:03  SCV  
  57  5:09  SCV, Stimpack  
  55  5:14  Marine  
  55  5:15  SCV, Marine  
  52  5:21  SCV  
  52  5:25  Viking  
  52  5:28  SCV  
  55  5:32  Marine x2  
  55  5:33  Viking  
  59  5:36  SCV, Barracks  
  59  5:37  Supply Depot  
  59  5:40  SCV  
  61  5:44  Engineering Bay  
  61  5:47  Supply Depot  
  61  5:48  SCV  
  62  5:52  SCV  
  62  5:54  Siege Tank  
  62  5:55  Marine, Refinery  
  67  5:58  Marine  
  67  6:00  SCV  
  69  6:04  SCV  
  69  6:05  Viking  
  69  6:10  Viking  
  74  6:14  Supply Depot  
  74  6:15  SCV  
  74  6:16  SCV  
  76  6:22  Missile Turret  
  76  6:24  Missile Turret  
  76  6:27  SCV  
  76  6:29  SCV, Barracks Reactor  
  76  6:30  Marine  
  76  6:32  Supply Depot  
  79  6:34  Terran Infantry Weapons Level 1  
  79  6:36  Combat Shield  
  79  6:39  Marine  
  80  6:45  Supply Depot  
  80  6:54  Command Center  
  80  6:56  Viking  
  80  7:00  Viking  
  84  7:06  Supply Depot  
  84  7:07  Marine, Factory Reactor  
  84  7:08  Marine  
  86  7:09  SCV  
  86  7:10  SCV  
  86  7:13  Marauder  
  90  7:16  Marauder  
  90  7:20  Concussive Shells  
  90  7:21  SCV, Supply Depot  
  93  7:27  Marine x2  
  93  7:28  SCV  
  93  7:29  Medivac  
  98  7:32  Medivac  
  98  7:36  Barracks  
  100  7:39  Barracks  
  100  7:41  SCV  
  100  7:42  SCV  
  101  7:46  Marine x2  
  101  7:47  Widow Mine  
  101  7:49  Widow Mine  
  107  7:53  Supply Depot  
  107  7:55  Marauder  
  107  7:57  Marauder  
  110  7:58  SCV  
  110  7:59  SCV  
  110  8:03  Marine  
  110  8:04  Marine  
  110  8:05  Medivac  
  116  8:08  Medivac  
  116  8:10  SCV  
  116  8:11  SCV  
  120  8:14  Widow Mine  
  120  8:16  Widow Mine, Marauder  
  122  8:21  Marauder  
  122  8:24  Marine x2  
  122  8:26  Marine  
  111  8:27  Marine  
  100  8:37  Widow Mine, Medivac  
  100  8:38  Marauder  
  100  8:39  Supply Depot  
  106  8:41  Marine  
  106  8:42  Widow Mine  
  106  8:47  Orbital Command  
  109  8:48  Marine  
  109  8:52  Marine x2  
  109  8:54  SCV  
  100  8:56  SCV, Marine  
  100  9:00  Widow Mine  
  100  9:01  Marauder  
  106  9:06  SCV  
  106  9:07  Medivac  
  106  9:08  SCV  
  108  9:11  Marine x2, Widow Mine  
  108  9:13  SCV  
  111  9:21  Widow Mine  
  109  9:24  Barracks Tech Lab, Barracks Reactor  
  109  9:25  Marauder  
  109  9:26  SCV x2  
  109  9:27  SCV  
  116  9:32  Widow Mine, Marine  
  116  9:33  Marine  
  116  9:35  Ghost Academy  
  129  9:54  Armory  
Tags
 
Add a new tag
Caveats
  • Supply blocks, unpowered buildings, or Contaminate may cause inaccurate times.
  • Supply counts are checked every 10 seconds.